[Event "Titled Tuesday Blitz January 11 2022"]
[White "Bryakin, Mikhail"]
[Black "Hakobyan, Aram"]
[WhiteFideId "4165314"]
[BlackFideId "13306677"]
[WhiteElo "2421"]
[BlackElo "2557"]
[Result "0-1"]
[Round "07"]
[TimeControl "180+1"]
[Date "2022.01.11"]
[WhiteClock "0:01:34"]
[BlackClock "0:02:01"]

1. e4 c6 2. d4 d5 3. exd5 cxd5 4. Bd3 Nf6 5. c3 Bg4 6. Ne2 e6 7. Bf4 Bd6 8. f3 Bh5 9. O-O Bg6 10. Qc2 Nc6 11. Nd2 Rc8 12. Bxd6 Qxd6 13. Rae1 b5 14. a3 a5 15. Qb1 b4 16. axb4 axb4 17. Nb3 bxc3 18. bxc3 Rb8 19. Nec1 Na5 20. Rd1 Nxb3 21. Nxb3 Qa3 22. Qa1 Rxb3 0-1


[Site "https://www.chess.com"]

[Event "Titled Tuesday Blitz January 11 2022"]
[White "Chizhikov, Vladislav"]
[Black "Rustemov, Alexander"]
[WhiteFideId "4178157"]
[BlackFideId "4119002"]
[WhiteElo "2120"]
[BlackElo "2809"]
[Result "0-1"]
[Round "07"]
[TimeControl "180+1"]
[Date "2022.01.11"]
[WhiteClock "0:00:12"]
[BlackClock "0:00:28"]

1. e4 e6 2. d4 d5 3. Nc3 Bb4 4. e5 c5 5. a3 Bxc3+ 6. bxc3 Ne7 7. Qg4 O-O 8. Bd3 Qa5 9. Bd2 Nbc6 10. Nf3 f5 11. exf6 Rxf6 12. Qh5 Nf5 13. O-O c4 14. Bxf5 Rxf5 15. Qh4 Qa4 16. Ra2 Bd7 17. Re1 Raf8 18. Ng5 h6 19. Nxe6 Bxe6 20. Rxe6 Rxf2 21. Qxf2 Rxf2 22. Kxf2 Qb5 23. Re1 Kh7 24. a4 Qb6 25. Kf1 Qd8 26. Raa1 Qd6 27. Kg1 Qg6 28. Re2 b6 29. Rf1 Qxc2 30. Rf7 Qd1+ 31. Kf2 Qxa4 32. Bf4 Qb3 33. Rc7 Qxc3 34. Rxc6 Qxd4+ 35. Kg3 c3 36. Re7 b5 37. Rcc7 b4 38. Be5 Qd3+ 39. Kf2 Kg6 40. Rxg7+ Kf5 41. Rge7 c2 42. Bb2 Qd2+ 43. Kg3 Qf4+ 44. Kh3 Qg4# 0-1


[Site "https://www.chess.com"]

[Event "Titled Tuesday Blitz January 11 2022"]
[White "Corrales Jimenez, Fidel"]
[Black "Deac, Bogdan-Daniel"]
[WhiteFideId "3506690"]
[BlackFideId "1226380"]
[WhiteElo "2541"]
[BlackElo "2646"]
[Result "0-1"]
[Round "07"]
[TimeControl "180+1"]
[Date "2022.01.11"]
[WhiteClock "0:00:03"]
[BlackClock "0:00:03"]

1. d4 Nf6 2. c4 g6 3. Nc3 d5 4. Nf3 Bg7 5. h4 c5 6. dxc5 Be6 7. h5 Nxh5 8. Nxd5 Na6 9. Qa4+ Qd7 10. Qxd7+ Bxd7 11. Bd2 Nxc5 12. Nc7+ Kd8 13. Nxa8 Bxb2 14. Rd1 Kc8 15. e3 Nf6 16. Rb1 Ba3 17. Nd4 Na6 18. Nb5 Bc5 19. Ba5 Ne8 20. Be2 Bf5 21. Rd1 Nd6 22. Nxd6+ exd6 23. g4 Be6 24. Bc3 Re8 25. Rxh7 Kb8 26. Bd4 Kxa8 27. Bxc5 dxc5 28. f4 Kb8 29. Kf2 Nb4 30. a3 Nc6 31. Bd3 Rf8 32. f5 gxf5 33. gxf5 Bc8 34. Rg1 Ne5 35. Be4 Nxc4 36. Rgg7 Nd6 37. Bb1 c4 38. f6 Be6 39. Rh5 Kc7 40. Re5 Kc6 41. Bc2 b5 42. Rgg5 a5 43. Rc5+ Kb6 44. Rce5 b4 45. Rxa5 b3 46. Bh7 c3 47. a4 c2 48. Rac5 Nc4 49. Bxc2 bxc2 50. Rb5+ Ka6 51. Rgc5 c1=Q 52. Rc6+ Ka7 53. Kg3 Qxe3+ 54. Kg2 Rg8+ 55. Kf1 Rg1# 0-1


[Site "https://www.chess.com"]

[Event "Titled Tuesday Blitz January 11 2022"]
[White "Cunha, Lucas Aguiar"]
[Black "Costachi, Mihnea"]
[WhiteFideId "2125404"]
[BlackFideId "1217518"]
[WhiteElo "2361"]
[BlackElo "2464"]
[Result "0-1"]
[Round "07"]
[TimeControl "180+1"]
[Date "2022.01.11"]
[WhiteClock "0:00:03"]
[BlackClock "0:00:39"]

1. e4 c5 2. Nf3 d6 3. d4 cxd4 4. Qxd4 Nf6 5. e5 Nc6 6. Bb5 dxe5 7. Bxc6+ bxc6 8. Qxd8+ Kxd8 9. Nxe5 Ke8 10. O-O Bb7 11. Rd1 e6 12. c4 h5 13. h3 Be7 14. Nc3 h4 15. Be3 Rh5 16. f4 a6 17. Na4 Ne4 18. Rd7 Rxe5 19. Rxb7 Ra5 20. b3 g5 21. Rd1 gxf4 22. Rdd7 Bg5 23. Bb6 Rf5 24. Kf1 f3 25. gxf3 Rxf3+ 26. Ke2 Rf5 27. Kd3 Nf2+ 28. Ke2 Nxh3 29. Nc3 Nf4+ 30. Kd1 h3 31. Ne4 h2 32. Ng3 Nh5 33. Nh1 Rf1+ 34. Kc2 Rxh1 35. Rxf7 Rc1+ 36. Kb2 h1=Q 37. Rh7 Rc2+ 38. Ka3 Qc1+ 39. Kb4 Bd2+ 40. Kc5 Be3+ 41. Kb4 a5+ 42. Bxa5 Qd2+ 0-1


[Site "https://www.chess.com"]

[Event "Titled Tuesday Blitz January 11 2022"]
[White "Demchenko, Anton"]
[Black "Artemenko, Oleg"]
[WhiteFideId "4160258"]
[BlackFideId "14201798"]
[WhiteElo "2539"]
[BlackElo "2287"]
[Result "1-0"]
[Round "07"]
[TimeControl "180+1"]
[Date "2022.01.11"]
[WhiteClock "0:00:22"]
[BlackClock "0:00:01"]

1. e4 e6 2. d4 d5 3. Nd2 c5 4. exd5 Qxd5 5. dxc5 Bxc5 6. Ngf3 Nf6 7. Bc4 Qd7 8. O-O Nc6 9. c3 O-O 10. Qe2 a6 11. Ne4 Nxe4 12. Qxe4 Be7 13. Bf4 Na5 14. Bd3 f5 15. Qe2 Bf6 16. Ne5 Qe7 17. Rad1 Bxe5 18. Bxe5 Nc6 19. Bc4 Nxe5 20. Qxe5 Qf6 21. Qd6 b5 22. Bb3 a5 23. a3 h6 24. Rfe1 Ra6 25. Qc5 b4 26. axb4 axb4 27. Qxb4 Kh7 28. Bc4 Ra7 29. Qc5 Re7 30. Rd6 Rfe8 31. Qe5 Qg6 32. f3 Bb7 33. Kf2 Bc8 34. Bb5 Rf8 35. Bd3 Rff7 36. b4 Qg5 37. Bc2 Rf6 38. Qg3 Qh5 39. Rd4 Qf7 40. Re5 Rc7 41. c4 g6 42. Qf4 g5 43. Qd2 Kg7 44. c5 Bb7 45. b5 Bd5 46. c6 Qf8 47. Rexd5 exd5 48. Rxd5 Qa3 49. Qd4 Kg6 50. g4 Qa2 51. Qd2 Kg7 52. Bxf5 Qxd2+ 53. Rxd2 1-0


[Site "https://www.chess.com"]

[Event "Titled Tuesday Blitz January 11 2022"]
[White "Ezat, Mohamed"]
[Black "Moroni, Luca Jr"]
[WhiteFideId "10600906"]
[BlackFideId "865834"]
[WhiteElo "2386"]
[BlackElo "2573"]
[Result "1/2-1/2"]
[Round "07"]
[TimeControl "180+1"]
[Date "2022.01.11"]
[WhiteClock "0:00:02"]
[BlackClock "0:00:19"]

1. d4 g6 2. c4 Bg7 3. e4 d6 4. Nc3 c5 5. d5 Bxc3+ 6. bxc3 e5 7. f4 Qh4+ 8. g3 Qe7 9. Nf3 Bg4 10. Be2 exf4 11. Bxf4 Nd7 12. O-O Ngf6 13. e5 dxe5 14. d6 Qe6 15. Ng5 Bxe2 16. Nxe6 Bxd1 17. Nc7+ Kd8 18. Bg5 Be2 19. Nxa8 Bxf1 20. Rxf1 Rf8 21. Bxf6+ Nxf6 22. Rxf6 Kd7 23. Nc7 a6 24. Nd5 b5 25. Kf2 Rb8 26. Rxf7+ Kxd6 27. Rf6+ Kd7 28. Rxa6 bxc4 29. Nb6+ Kc6 30. Nxc4+ Kb5 31. Rb6+ Rxb6 32. Nxb6 Kxb6 33. Ke3 Kb5 34. Kd3 Ka4 35. Ke4 Ka3 36. Kxe5 Kxa2 37. Kd5 Kb3 38. Kxc5 Kxc3 39. Kd5 Kd3 40. Ke5 Ke3 41. Kf6 Kf3 42. Kg7 h5 43. Kxg6 Kg4 44. Kh6 h4 45. gxh4 Kxh4 46. Kg6 Kh3 47. Kf5 Kxh2 1/2-1/2


[Site "https://www.chess.com"]

[Event "Titled Tuesday Blitz January 11 2022"]
[White "FGHSMN"]
[Black "Kravtsiv, Martyn"]
[BlackFideId "14113147"]
[WhiteElo "2754"]
[BlackElo "2694"]
[Result "0-1"]
[Round "07"]
[TimeControl "180+1"]
[Date "2022.01.11"]
[WhiteClock "0:00:01"]
[BlackClock "0:00:15"]

1. b3 e5 2. Bb2 Nc6 3. c4 Nf6 4. e3 Be7 5. a3 O-O 6. Qc2 Re8 7. d3 Bf8 8. Nf3 b6 9. Be2 Bb7 10. Nbd2 d5 11. cxd5 Qxd5 12. b4 Rac8 13. O-O a5 14. d4 exd4 15. b5 Na7 16. Bxd4 Nxb5 17. Bxf6 gxf6 18. Bc4 Qh5 19. e4 Nd6 20. Bd3 Bg7 21. Rfe1 c5 22. Rab1 c4 23. Nxc4 Nxc4 24. Bxc4 Ba6 25. Rxb6 Bxc4 26. Qd2 Red8 27. Qf4 Be6 28. h3 Qc5 29. Rbb1 Qxa3 30. e5 fxe5 31. Nxe5 Qd6 32. Qg3 Rc5 33. f4 Rd5 34. Nf3 Rd3 35. Kh1 Bd5 0-1


[Site "https://www.chess.com"]

[Event "Titled Tuesday Blitz January 11 2022"]
[White "Filipets, Egor"]
[Black "Stoleriu, George"]
[WhiteFideId "13503928"]
[BlackFideId "1227505"]
[WhiteElo "2211"]
[BlackElo "2203"]
[Result "1-0"]
[Round "07"]
[TimeControl "180+1"]
[Date "2022.01.11"]
[WhiteClock "0:00:59"]
[BlackClock "0:01:33"]

1. d4 e6 2. Bf4 Nf6 3. e3 b6 4. c4 Bb7 5. Nc3 Bb4 6. Ne2 O-O 7. a3 Be7 8. Ng3 d6 9. Bd3 Nbd7 10. O-O h6 11. e4 e5 12. Be3 exd4 13. Bxd4 Re8 14. Nf5 Bf8 15. f4 Nxe4 16. Nxh6+ gxh6 17. Qg4+ Ng5 18. fxg5 Ne5 19. gxh6+ Kh8 20. Rxf7 1-0


[Site "https://www.chess.com"]

[Event "Titled Tuesday Blitz January 11 2022"]
[White "Gaehwiler, Gabriel"]
[Black "Hess, Robert"]
[WhiteFideId "1314530"]
[BlackFideId "2022036"]
[WhiteElo "2383"]
[BlackElo "2557"]
[Result "1-0"]
[Round "07"]
[TimeControl "180+1"]
[Date "2022.01.11"]
[WhiteClock "0:00:40"]
[BlackClock "0:00:01"]

1. d4 g6 2. g3 Bg7 3. Bg2 d6 4. Nf3 Nd7 5. O-O e6 6. e4 Ne7 7. c3 b6 8. Re1 Bb7 9. h4 h6 10. Nbd2 e5 11. dxe5 dxe5 12. b4 a5 13. Bb2 O-O 14. Nc4 Ba6 15. Ne3 axb4 16. cxb4 Nc6 17. a3 Nf6 18. Rc1 Qe8 19. Qc2 Bb5 20. Nd5 Ra7 21. Bf1 Ba4 22. Qc3 Nxd5 23. exd5 Ne7 24. Qc4 Nf5 25. Nxe5 Nd6 26. Qf4 Qa8 27. Bg2 Bb3 28. Qd2 Re8 29. Nc6 1-0


[Site "https://www.chess.com"]

[Event "Titled Tuesday Blitz January 11 2022"]
[White "Goncalves, Ivan Mesquita V"]
[Black "Pichot, Alan"]
[WhiteFideId "2114224"]
[BlackFideId "110973"]
[WhiteElo "2299"]
[BlackElo "2543"]
[Result "1-0"]
[Round "07"]
[TimeControl "180+1"]
[Date "2022.01.11"]
[WhiteClock "0:02:25"]
[BlackClock "0:03:00"]

1. d4 d6 2. Nf3 g6 3. Bf4 Bg7 4. e3 Nd7 5. Be2 Ngf6 6. h3 O-O 7. O-O b6 8. a4 Bb7 9. c3 a5 10. Nbd2 Qe8 11. Bh2 e5 12. Qb3 Qe7 13. dxe5 dxe5 14. Nc4 Ne4 15. Rfd1 Rad8 16. Qa3 Qxa3 17. Nxa3 f6 18. Nb5 Ndc5 19. Nxc7 Nb3 20. Bc4+ 1-0


[Site "https://www.chess.com"]

[Event "Titled Tuesday Blitz January 11 2022"]
[White "Gurevich, Dmitry"]
[Black "Narayanan.S.L"]
[WhiteFideId "2000407"]
[BlackFideId "5058422"]
[WhiteElo "2506"]
[BlackElo "2494"]
[Result "0-1"]
[Round "07"]
[TimeControl "180+1"]
[Date "2022.01.11"]
[WhiteClock "0:00:27"]
[BlackClock "0:01:15"]

1. d4 Nf6 2. c4 g6 3. Nc3 Bg7 4. e4 O-O 5. Nf3 d6 6. Be2 e5 7. O-O exd4 8. Nxd4 Na6 9. f3 Re8 10. Kh1 c6 11. Bg5 h6 12. Bh4 Qb6 13. Nb3 Be6 14. Qxd6 Rad8 15. Qa3 Bf8 16. Qa5 g5 17. Qxb6 axb6 18. Bf2 Nc5 19. Nxc5 bxc5 20. Rfd1 Nd7 21. Rac1 f5 22. b3 Bg7 23. exf5 Bxf5 24. Bd3 Bxd3 25. Rxd3 Ne5 26. Rxd8 Rxd8 27. Ne4 Nd3 28. Rd1 Nxf2+ 29. Nxf2 Bd4 30. Ne4 Ra8 31. Rd2 b5 32. g3 bxc4 33. bxc4 Ra4 34. Rc2 Kf7 35. Kg2 Kg6 36. Kf1 h5 37. h3 Ra3 38. Ke2 Re3+ 39. Kd2 Rxf3 40. g4 h4 41. a4 Rxh3 42. Nd6 Ra3 43. Nf5 h3 44. Ke1 Ra1+ 45. Ke2 h2 46. Ng3 Rg1 0-1


[Site "https://www.chess.com"]

[Event "Titled Tuesday Blitz January 11 2022"]
[White "Guseinov, Gadir"]
[Black "Fawzy, Adham"]
[WhiteFideId "13401378"]
[BlackFideId "10613129"]
[WhiteElo "2581"]
[BlackElo "2510"]
[Result "1-0"]
[Round "07"]
[TimeControl "180+1"]
[Date "2022.01.11"]
[WhiteClock "0:01:39"]
[BlackClock "0:00:14"]

1. e4 c5 2. Nc3 Nc6 3. Nf3 e5 4. Bc4 d6 5. d3 Be6 6. Nd5 Be7 7. c3 Nf6 8. Ng5 Qd7 9. Nxe6 fxe6 10. Nxf6+ Bxf6 11. Qg4 Nd8 12. f4 exf4 13. Bxf4 e5 14. Qxd7+ Kxd7 15. Be3 Ne6 16. Rf1 Ke7 17. g3 Rhf8 18. Ke2 Rab8 19. a4 Bg5 20. Bg1 Rxf1 21. Rxf1 Rf8 22. Ra1 a5 23. Ra3 b6 24. Rb3 Rb8 25. h4 Bh6 26. Bxe6 Kxe6 27. Rb5 Kd7 28. d4 Kc6 29. dxc5 dxc5 30. Bxc5 g6 31. Bf2 Bg7 32. b3 Rb7 33. Be3 h5 34. c4 Bf6 35. c5 bxc5 36. Rxa5 Rxb3 37. Ra6+ Rb6 38. Rxb6+ Kxb6 39. Kd3 Ka5 40. Kc4 Kxa4 41. Kxc5 Kb3 42. Kd5 Kc3 43. Bg5 Bg7 44. Bd8 Kd3 45. Bc7 Bh6 46. Bxe5 g5 47. Bf6 g4 48. e5 Bf8 49. e6 Ke3 50. e7 Bxe7 51. Bxe7 Kf3 52. Bd6 Ke3 53. Ke5 Kf3 54. Kf5 Ke3 55. Bf4+ Kd4 56. Kg5 Ke4 57. Kxh5 Kf5 58. Kh6 Kf6 59. h5 Kf5 60. Kg7 Ke6 61. h6 1-0


[Site "https://www.chess.com"]

[Event "Titled Tuesday Blitz January 11 2022"]
[White "Holt, Conrad"]
[Black "Alavkin, Arseny"]
[WhiteFideId "2034387"]
[BlackFideId "4120612"]
[WhiteElo "2586"]
[BlackElo "2391"]
[Result "0-1"]
[Round "07"]
[TimeControl "180+1"]
[Date "2022.01.11"]
[WhiteClock "0:00:49"]
[BlackClock "0:01:04"]

1. d4 Nf6 2. c4 e6 3. Nc3 d5 4. cxd5 exd5 5. Bg5 Be7 6. e3 c6 7. Qc2 O-O 8. Bd3 h6 9. Bh4 Re8 10. Nf3 Be6 11. O-O Nbd7 12. a3 a5 13. Na4 b5 14. Nc5 Nxc5 15. dxc5 a4 16. Nd4 Bd7 17. Bf5 Rc8 18. Rfd1 Qc7 19. Bxd7 Qxd7 20. Nf5 Qe6 21. Rd4 Bf8 22. Bxf6 Qxf6 23. Rf4 Re4 24. Rxe4 dxe4 25. Ng3 Re8 26. Nxe4 Qg6 27. f3 f5 28. Nd6 Bxd6 29. cxd6 Qxd6 30. Rd1 Qe6 31. Rd3 Kh7 32. h4 Qf6 33. h5 Re5 34. f4 Re4 35. Qc5 Rc4 0-1


[Site "https://www.chess.com"]

[Event "Titled Tuesday Blitz January 11 2022"]
[White "Howell, David W L"]
[Black "Vusatiuk, Vladimir"]
[WhiteFideId "410608"]
[BlackFideId "14118610"]
[WhiteElo "2559"]
[BlackElo "2157"]
[Result "1-0"]
[Round "07"]
[TimeControl "180+1"]
[Date "2022.01.11"]
[WhiteClock "0:01:20"]
[BlackClock "0:01:24"]

1. d4 Nf6 2. c4 e6 3. Nc3 Bb4 4. Nf3 O-O 5. g3 b6 6. Bd2 Bb7 7. Bg2 d6 8. O-O Nbd7 9. Rc1 Qe7 10. a3 Bxc3 11. Bxc3 Ne4 12. Be1 f5 13. b4 a5 14. bxa5 bxa5 15. Rb1 Rfb8 16. Qd3 Ndf6 17. a4 Bc6 18. Rxb8+ Rxb8 19. Bxa5 Ra8 20. Be1 Rxa4 21. Nd2 Qd7 22. f3 Nxd2 23. Bxd2 e5 24. d5 Bb7 25. Bh3 g6 26. e4 Ba6 27. Rc1 fxe4 28. Bxd7 exd3 29. Bxa4 1-0


[Site "https://www.chess.com"]

[Event "Titled Tuesday Blitz January 11 2022"]
[White "Janaszak, Dawid"]
[Black "Kevlishvili, Robby"]
[WhiteFideId "1119206"]
[BlackFideId "1040634"]
[WhiteElo "2199"]
[BlackElo "2584"]
[Result "1-0"]
[Round "07"]
[TimeControl "180+1"]
[Date "2022.01.11"]
[WhiteClock "0:00:17"]
[BlackClock "0:00:05"]

1. e4 c5 2. Nc3 d6 3. f4 g6 4. Nf3 Bg7 5. Bc4 Nc6 6. O-O e6 7. d4 cxd4 8. Nb5 Nge7 9. Bb3 O-O 10. Nbxd4 Na5 11. c3 a6 12. Bc2 b5 13. Qe1 Nac6 14. Be3 Bb7 15. Rd1 Qc7 16. Qh4 Nxd4 17. Bxd4 e5 18. Be3 f6 19. f5 gxf5 20. exf5 d5 21. Bh6 Kh8 22. Bxg7+ Kxg7 23. Nxe5 Qxe5 24. Rde1 Qc7 25. Qg3+ Qxg3 26. Rxe7+ Rf7 27. Rxf7+ Kxf7 28. hxg3 Rg8 29. Kf2 Rg5 30. Rd1 Bc6 31. Rd4 Ke7 32. g4 Kd6 33. Kf3 Rg7 34. Kf4 h6 35. Bb3 Re7 36. Bd1 a5 37. Bf3 Re1 38. Rd1 Rxd1 39. Bxd1 d4 40. cxd4 Bxg2 41. Bb3 Bc6 42. Be6 Bg2 43. Kg3 Bf1 44. Kh4 Be2 45. Kh5 Ke7 46. Bd5 b4 47. b3 Bd1 48. Bg2 Kf7 49. Bh3 Kg7 50. Bg2 Kf7 51. d5 Be2 52. d6 Ke8 53. Kxh6 Kd7 54. Kg6 Bxg4 55. Kxf6 Kxd6 56. Kg6 Ke7 57. f6+ Kf8 58. Bd5 Be2 59. Kf5 Bd3+ 60. Be4 Bb5 61. Ke5 Kf7 62. Bd5+ Kf8 63. Kd4 Be2 64. Kc5 Bd3 65. Kb6 Bb1 66. Kxa5 Bxa2 67. Kxb4 Bb1 68. Kc5 Bd3 69. b4 Ke8 70. b5 Kd8 71. b6 Ba6 72. Kd6 Ke8 73. b7 Bxb7 74. Bxb7 Kf7 75. Ke5 1-0


[Site "https://www.chess.com"]

[Event "Titled Tuesday Blitz January 11 2022"]
[White "Jobava, Baadur"]
[Black "Quispe Arteaga, Gabriel"]
[WhiteFideId "13601520"]
[BlackFideId "32059809"]
[WhiteElo "2617"]
[BlackElo "2229"]
[Result "0-1"]
[Round "07"]
[TimeControl "180+1"]
[Date "2022.01.11"]
[WhiteClock "0:00:07"]
[BlackClock "0:00:07"]

1. e4 c5 2. c3 Nf6 3. e5 Nd5 4. Nf3 e6 5. d4 cxd4 6. cxd4 d6 7. Bd3 Be7 8. O-O Nc6 9. Qe2 Bd7 10. Rd1 Rc8 11. a3 a6 12. Be4 O-O 13. h4 Kh8 14. h5 h6 15. Bd3 f5 16. exf6 Nxf6 17. Nh4 Be8 18. Ng6+ Bxg6 19. Bxg6 Nxd4 20. Qd3 Nc2 21. Ra2 d5 22. b3 Ng4 23. Rxc2 Rxc2 24. Qxc2 Rxf2 25. Qxf2 Nxf2 26. Kxf2 Bd6 27. Ke2 Qh4 28. Nc3 Qg3 29. Rd3 Qxg2+ 30. Kd1 Be7 31. Ne2 Qf1+ 32. Kc2 Qxe2+ 33. Kb1 Bf6 34. Rd2 Qe5 35. b4 Kg8 36. Rd3 Kf8 37. Kc2 Ke7 38. Be3 Qb2+ 39. Kd1 e5 40. Bc5+ Ke6 41. Bh7 e4 42. Bg8+ Kf5 43. Rxd5+ Kf4 44. Rd2 Qa1+ 45. Ke2 Qc3 46. Kd1 e3 47. Rc2 Qd3+ 48. Kc1 Qxa3+ 49. Kd1 Qd3+ 50. Kc1 Qf1# 0-1


[Site "https://www.chess.com"]

[Event "Titled Tuesday Blitz January 11 2022"]
[White "Kamsky, Gata"]
[Black "Cunjalo, Faris"]
[WhiteFideId "2000024"]
[BlackFideId "14410710"]
[WhiteElo "2645"]
[BlackElo "2263"]
[Result "1-0"]
[Round "07"]
[TimeControl "180+1"]
[Date "2022.01.11"]
[WhiteClock "0:01:37"]
[BlackClock "0:00:35"]

1. e4 c6 2. Nf3 d5 3. d3 Qc7 4. Nc3 dxe4 5. dxe4 e5 6. Bc4 Bg4 7. h3 Bh5 8. g4 Bg6 9. Nh4 Nd7 10. a3 Ngf6 11. Qf3 Nc5 12. Nxg6 hxg6 13. Be3 b5 14. Ba2 a5 15. g5 Nh5 16. Ne2 Bd6 17. Rd1 Nb7 18. O-O O-O 19. h4 Rad8 20. Ng3 Nf4 21. h5 Kh7 22. hxg6+ fxg6 23. Qh1+ 1-0


[Site "https://www.chess.com"]

[Event "Titled Tuesday Blitz January 11 2022"]
[White "Kim, Yoon-Young"]
[Black "Triapishko, Alexandr"]
[WhiteFideId "30908779"]
[BlackFideId "14122286"]
[WhiteElo "2109"]
[BlackElo "2479"]
[Result "0-1"]
[Round "07"]
[TimeControl "180+1"]
[Date "2022.01.11"]
[WhiteClock "0:00:01"]
[BlackClock "0:00:12"]

1. Nf3 d6 2. d4 Nf6 3. c4 g6 4. Nc3 Bf5 5. h3 Bg7 6. g4 Bd7 7. e4 O-O 8. Be3 a6 9. a4 Nc6 10. a5 Re8 11. d5 Nb4 12. Qb3 c5 13. e5 Bxg4 14. hxg4 Nxg4 15. Bd2 Nxe5 16. Nxe5 Bxe5 17. Ne4 e6 18. Bxb4 cxb4 19. O-O-O exd5 20. cxd5 Bf4+ 21. Nd2 Rc8+ 22. Kb1 Bxd2 23. Rxd2 Re1+ 24. Rd1 Rxd1+ 25. Qxd1 Qxa5 26. Bh3 Rc5 27. Bg2 Qb6 28. Rh3 Rc8 29. Re3 a5 30. Qa4 Kg7 31. Qd1 Qc5 32. Be4 b5 33. Re2 Qc4 34. f3 b3 35. Re3 Rc5 0-1


[Site "https://www.chess.com"]

[Event "Titled Tuesday Blitz January 11 2022"]
[White "Kobalia, Mikhail"]
[Black "Mickiewicz, Piotr"]
[WhiteFideId "4119150"]
[BlackFideId "1114891"]
[WhiteElo "2667"]
[BlackElo "2266"]
[Result "1-0"]
[Round "07"]
[TimeControl "180+1"]
[Date "2022.01.11"]
[WhiteClock "0:00:18"]
[BlackClock "0:00:02"]

1. e4 c5 2. Nf3 e6 3. g3 Nc6 4. Bg2 d6 5. O-O Nf6 6. Re1 Be7 7. c4 O-O 8. Nc3 Bd7 9. h3 a6 10. d4 cxd4 11. Nxd4 Nxd4 12. Qxd4 Bc6 13. a4 Qa5 14. Bd2 Qc5 15. Qxc5 dxc5 16. e5 Nd7 17. Bxc6 bxc6 18. a5 Rab8 19. Na4 Rb3 20. Bc3 Rb7 21. Red1 Rfb8 22. Rd3 Kf8 23. Rad1 Ke8 24. h4 h5 25. Kg2 g6 26. Kh3 Bf8 27. f3 Bg7 28. Re1 Rb4 29. Bxb4 Rxb4 30. Rxd7 Kxd7 31. Nxc5+ Kc8 32. Nxa6 Rxc4 33. f4 Kb7 34. b3 Rc3 35. Nb4 Bf8 36. Re4 Rxb3 37. Nc2 Rb2 38. Ne3 Bc5 39. Nc4 Ra2 40. Re1 Ka6 41. Rc1 Bd4 42. Nd6 c5 43. Nxf7 Kxa5 44. Ng5 Kb4 45. Nxe6 Be3 46. Re1 Ra3 47. Nc7 Kc4 48. Kg2 1-0


[Site "https://www.chess.com"]

[Event "Titled Tuesday Blitz January 11 2022"]
[White "Kosakowski, Jakub"]
[Black "Martinez Ramirez, Lennis"]
[WhiteFideId "1185080"]
[BlackFideId "3509079"]
[WhiteElo "2476"]
[BlackElo "2374"]
[Result "1/2-1/2"]
[Round "07"]
[TimeControl "180+1"]
[Date "2022.01.11"]
[WhiteClock "0:00:02"]
[BlackClock "0:00:10"]

1. d4 e6 2. c4 b6 3. Nf3 Bb7 4. e3 g6 5. Bd3 Bg7 6. O-O Ne7 7. b3 d5 8. Bb2 Nd7 9. Nbd2 c5 10. Qc2 Rc8 11. dxc5 e5 12. cxb6 axb6 13. e4 O-O 14. Qb1 d4 15. b4 Bh6 16. a4 Ra8 17. Re1 g5 18. h3 Ng6 19. Nh2 Nf4 20. Bf1 Nf6 21. g3 Ne6 22. c5 g4 23. cxb6 Bxd2 24. Rd1 Bxe4 25. Bd3 Bxd3 26. Qxd3 Bxb4 27. Qb5 Ba5 28. Qxe5 Bxb6 29. a5 Rxa5 30. Rxa5 Bxa5 31. Bxd4 Bc3 32. Qxf6 Qxf6 33. Bxf6 Bxf6 34. Nxg4 Bg7 35. Ne3 Rd8 36. Rb1 Nd4 37. Kg2 Bh6 38. Ng4 Bg7 39. Ne3 Ne6 40. Rb7 Bf8 41. Nf5 Rd5 42. g4 h5 43. Rb8 Rd8 44. Rb7 hxg4 45. hxg4 Kh7 46. Rxf7+ Kg6 47. Rb7 Rd3 48. Rb6 Kf6 49. Ng3 Ke5 50. Rb5+ Bc5 51. Rb8 Nf4+ 52. Kh2 Bxf2 53. Re8+ Kf6 54. Ne4+ Kg6 55. Nxf2 Rf3 56. Ne4 Rh3+ 57. Kg1 Re3 58. Kf2 Nd5 59. Re5 Nf6 60. Kxe3 Nxg4+ 61. Kf4 Nxe5 1/2-1/2


[Site "https://www.chess.com"]

[Event "Titled Tuesday Blitz January 11 2022"]
[White "Leiva, Gianmarco"]
[Black "Shimanov, Aleksandr"]
[WhiteFideId "3804399"]
[BlackFideId "4198603"]
[WhiteElo "2328"]
[BlackElo "2636"]
[Result "0-1"]
[Round "07"]
[TimeControl "180+1"]
[Date "2022.01.11"]
[WhiteClock "0:00:01"]
[BlackClock "0:00:34"]

1. e4 d5 2. exd5 Qxd5 3. Nc3 Qe5+ 4. Qe2 Qxe2+ 5. Ngxe2 c6 6. g3 Nf6 7. Bg2 Bf5 8. d3 Nbd7 9. Bd2 e6 10. O-O-O O-O-O 11. h3 h5 12. Nd4 Bg6 13. Nf3 Be7 14. Rde1 Rhe8 15. Be3 a6 16. Bg5 Nd5 17. Bxe7 Nxe7 18. Ne4 Bxe4 19. dxe4 Ng6 20. Ng5 Re7 21. h4 f6 22. Nh3 Nge5 23. f4 Nf7 24. Bf3 Rh8 25. Nf2 e5 26. f5 Nd6 27. Rd1 Kc7 28. Rd2 Nc4 29. Rd3 b5 30. b3 Ncb6 31. Rg1 Nc5 32. Rc3 Nb7 33. g4 hxg4 34. Rxg4 b4 35. Re3 Nc5 36. Be2 a5 37. Reg3 Rh7 38. Kb2 Nc8 39. Nd3 Nxd3+ 40. Bxd3 Nd6 41. a3 Kb6 42. c3 c5 43. a4 Rd7 44. Kc2 Kc7 45. Rg2 Kd8 46. Bb5 Rc7 47. Bc4 Ke8 48. Bg8 Rh8 49. Bd5 Kf8 50. c4 Rh6 51. Kd3 Re7 52. Ke3 Rd7 53. R2g3 Rc7 54. Kf2 Nc8 55. Rd3 Rd7 56. Kg3 Na7 57. Kh3 Nc6 58. Rg6 Nd4 59. Rxh6 gxh6 60. Rg3 Rg7 61. Rd3 h5 62. Kh2 Rg4 63. Kh3 Kg7 64. Be6 Rxe4 65. Bd7 Rg4 66. Be8 Kh6 67. Bf7 e4 68. Rd1 e3 0-1


[Site "https://www.chess.com"]

[Event "Titled Tuesday Blitz January 11 2022"]
[White "Lysyj, Igor"]
[Black "Al Hosani, Omran"]
[WhiteFideId "4150120"]
[BlackFideId "9308733"]
[WhiteElo "2611"]
[BlackElo "2246"]
[Result "1-0"]
[Round "07"]
[TimeControl "180+1"]
[Date "2022.01.11"]
[WhiteClock "0:01:07"]
[BlackClock "0:00:13"]

1. d4 Nf6 2. Nf3 g6 3. e3 Bg7 4. Be2 O-O 5. O-O d5 6. b4 Ne4 7. Bb2 c5 8. bxc5 Nxc5 9. c4 dxc4 10. Bxc4 Ne4 11. Nbd2 Nxd2 12. Qxd2 Nc6 13. Rfd1 Bg4 14. Be2 Rc8 15. Rac1 Qd5 16. Rc5 Qd6 17. h3 Bxf3 18. Bxf3 Rfd8 19. Qc1 h5 20. Ba3 Qf6 21. d5 Ne5 22. Rxc8 Nxf3+ 23. gxf3 Rxc8 24. Qxc8+ Kh7 25. f4 g5 26. d6 gxf4 27. dxe7 fxe3 28. Qc2+ Kh6 29. e8=Q Qg5+ 30. Kf1 Qb5+ 31. Qxb5 1-0


[Site "https://www.chess.com"]

[Event "Titled Tuesday Blitz January 11 2022"]
[White "Maghsoodloo, Parham"]
[Black "Panesar Vedant"]
[WhiteFideId "12539929"]
[BlackFideId "35033018"]
[WhiteElo "2630"]
[BlackElo "1971"]
[Result "1-0"]
[Round "07"]
[TimeControl "180+1"]
[Date "2022.01.11"]
[WhiteClock "0:00:16"]
[BlackClock "0:00:04"]

1. e4 e5 2. Nf3 Nc6 3. Bb5 a6 4. Ba4 Nf6 5. O-O b5 6. Bb3 Bc5 7. c3 d6 8. d4 Bb6 9. a4 Rb8 10. a5 Ba7 11. Be3 Bg4 12. dxe5 Bxf3 13. Qxf3 Nxe5 14. Qe2 Bxe3 15. Qxe3 O-O 16. Nd2 Re8 17. h3 c5 18. f4 Ng6 19. Bc2 Rb7 20. Qf2 Rbe7 21. Rfe1 c4 22. g3 Nf8 23. Qb6 Qc8 24. Kh2 N8d7 25. Qd4 Nc5 26. Re2 Ne6 27. Qf2 Qc5 28. Kg2 h6 29. Rae1 Qxf2+ 30. Kxf2 Nc5 31. Kf3 Nfd7 32. h4 Nb8 33. g4 Nc6 34. Ra1 g5 35. hxg5 hxg5 36. b4 cxb3 37. Nxb3 gxf4 38. Nxc5 dxc5 39. Kxf4 Ne5 40. Rd2 Nc4 41. Rd5 Re6 42. Rxc5 Nd2 43. Re1 Rf6+ 44. Rf5 Rxf5+ 45. gxf5 Rc8 46. Re3 Nc4 47. Rg3+ Kf8 48. f6 Nxa5 49. e5 Rc4+ 50. Kf5 Nc6 51. Be4 Nd8 52. Rh3 Ke8 53. Bd5 Rc5 54. Ke4 a5 55. Rh8+ Kd7 56. Rf8 Rxc3 57. Bxf7 a4 58. Bd5 a3 59. Rg8 a2 60. Rg7+ Ke8 61. Ra7 Rc2 62. e6 Nxe6 63. Bxe6 Re2+ 64. Kd5 a1=Q 65. Rxa1 Rd2+ 66. Ke5 Re2+ 67. Kd6 Rd2+ 68. Bd5 1-0


[Site "https://www.chess.com"]